Map: Piazza Viola Neon LE

Players

Trebo - Winner!

  • Race: Protoss Protoss
  • League: Silver
  • Spawn Location: 5:00

Nastra

  • Race: Zerg Zerg
  • League: Silver
  • Spawn Location: 11:00

VOD

Have the link to the VOD?

Description

Time

  • Played on: Nov. 22, 2017, 9:29 a.m.
  • Length: 23:29
Show
View Real Time Build Order
Export as new Build Order

Trebo Protoss - Winner!

Build Orders:  

Get SALT Encoding   

  12  0:04  Probe  
  13  0:16  Probe  
  14  0:25  Pylon  
  14  0:28  Probe  
  15  0:43  Probe (Chrono Boost)  
  15  0:46  Gateway  
  16  0:55  Probe (Chrono Boost)  
  16  0:56  Assimilator  
  17  1:02  Probe (Chrono Boost)  
  18  1:09  Probe (Chrono Boost)  
  20  1:21  Probe (Chrono Boost)  
  20  1:29  Probe  
  21  1:41  Probe  
  21  1:44  Cybernetics Core  
  21  1:46  Pylon  
  22  1:58  Nexus  
  22  2:03  Assimilator  
  22  2:23  Stalker  
  22  2:24  Warp Gate (Chrono Boost)  
  24  2:35  Probe  
  24  2:57  Gateway  
  24  3:03  Twilight Council  
  24  3:07  Robotics Facility  
  24  3:12  Probe x2  
  26  3:13  Assimilator  
  26  3:24  Probe x2  
  26  3:26  Zealot (Chrono Boost)  
  28  3:40  Charge (Chrono Boost)  
  28  3:46  Zealot  
  30  3:59  Probe  
  30  4:00  Probe  
  30  4:14  Probe  
  31  4:27  Robotics Facility, Probe (Chrono Boost)  
  31  4:29  Probe (Chrono Boost)  
  33  4:37  Assimilator  
  35  4:39  Probe (Chrono Boost)  
  35  4:41  Probe x2 (Chrono Boost)  
  35  4:43  Probe  
  37  4:50  Stalker x2  
  37  4:52  Probe  
  42  4:56  Immortal  
  46  5:03  Pylon  
  46  5:09  Pylon  
  46  5:10  Blink  
  48  5:21  Probe x2  
  48  5:27  Templar Archives  
  44  5:36  Immortal  
  44  5:38  Probe (Chrono Boost)  
  44  5:40  Probe (Chrono Boost)  
  46  5:49  Probe x2 (Chrono Boost)  
  48  5:50  Sentry  
  48  5:52  Probe  
  48  5:53  Psionic Storm, Probe, Stalker  
  54  6:05  Probe x2  
  60  6:21  Warp Prism (Chrono Boost)  
  60  6:24  Immortal (Chrono Boost)  
  62  6:33  Pylon  
  62  6:40  Shield Battery  
  62  6:46  Pylon  
  62  6:51  Pylon  
  62  6:57  Stalker  
  62  7:00  High Templar  
  66  7:47  Nexus  
  66  7:49  Pylon  
  66  7:56  Forge x2  
  66  7:57  Nexus  
  66  7:58  Forge  
  66  8:00  Gateway  
  66  8:02  Gateway, Probe  
  66  8:04  Gateway, High Templar  
  66  8:05  Gateway, High Templar  
  71  8:14  Probe  
  72  8:24  Immortal x2  
  80  8:41  Stalker  
  80  8:42  Stalker  
  74  9:18  Protoss Ground Armor Level 1 (Chrono Boost), Protoss Ground Weapons Level 1 (Chrono Boost)  
  74  9:19  Protoss Shields Level 1 (Chrono Boost)  
  74  9:24  Probe  
  75  9:32  Robotics Bay  
  75  9:35  Observer  
  75  9:36  Observer, Probe  
  78  9:48  Probe  
  78  9:50  High Templar x5  
  78  9:51  High Templar  
  91  9:54  Archon  
  91  10:02  Archon  
  91  10:03  Archon  
  91  10:13  Assimilator  
  91  10:17  Assimilator  
  91  10:20  Extended Thermal Lance  
  91  10:22  Pylon  
  91  10:23  Colossus  
  91  10:26  Zealot x4  
  91  10:27  Zealot x2  
  91  10:28  Pylon  
  109  10:31  Probe x2  
  111  10:40  Probe  
  112  10:43  Probe x2  
  114  10:50  Stalker  
  114  10:51  Stalker x3  
  114  10:52  Probe, Stalker x2  
  127  11:05  Protoss Ground Weapons Level 2 (Chrono Boost)  
  127  11:06  Protoss Ground Armor Level 2 (Chrono Boost)  
  127  11:17  Protoss Shields Level 2 (Chrono Boost)  
  127  11:29  Colossus (Chrono Boost)  
  127  11:31  Zealot x2  
  127  11:32  Zealot  
  139  11:40  Pylon  
  139  11:42  Pylon  
  139  11:44  Pylon  
  139  11:46  Pylon  
  139  11:48  Pylon  
  139  11:50  Pylon  
  139  11:58  Warp Prism (Chrono Boost)  
  141  12:05  High Templar x3  
  141  12:08  Zealot x2  
  149  12:09  Zealot  
  149  12:10  Archon  
  133  13:22  Zealot  
  123  13:31  Zealot  
  123  13:32  Zealot x3  
  107  13:44  Stalker x2  
  81  14:01  Stalker x2  
  81  14:02  Stalker  
  75  14:03  Stalker  
  75  14:09  Immortal (Chrono Boost)  
  71  14:10  Immortal (Chrono Boost)  
  71  14:13  Protoss Shields Level 3, Protoss Ground Armor Level 3, Protoss Ground Weapons Level 3  
  71  14:23  Pylon  
  71  14:25  Pylon  
  71  14:29  Pylon  
  71  14:31  Nexus  
  71  14:33  Pylon  
  71  14:40  Gateway  
  71  14:42  Gateway  
  71  14:45  Gateway  
  71  14:48  Gateway, Immortal x2 (Chrono Boost)  
  71  14:49  Gateway, Stalker  
  71  14:50  Stalker  
  83  14:53  High Templar x3  
  83  14:54  High Templar  
  91  15:13  Dark Shrine  
  91  15:16  Sentry x2  
  91  15:17  Warp Prism  
  91  15:18  Observer  
  98  15:31  Stalker  
  98  15:32  Stalker x2  
  98  15:33  Stalker  
  106  15:39  Observer  
  106  15:42  Assimilator  
  107  15:46  Assimilator  
  107  15:57  High Templar x2  
  107  15:58  High Templar x2  
  107  15:59  High Templar x2  
  107  16:03  Archon x2  
  107  16:04  Archon  
  119  16:06  Zealot x2  
  119  16:07  Zealot  
  119  16:08  Zealot  
  127  16:33  Immortal x2  
  127  16:38  Stalker x3  
  127  16:39  Stalker x2  
  145  16:40  Stalker  
  147  17:14  Stalker x3  
  147  17:15  Stalker x6  
  159  17:18  Sentry x2  
  106  18:47  Stalker x4  
  106  18:48  Stalker x5  
  120  18:49  Stalker x2  
  126  19:32  Dark Templar x7  
  126  19:33  Dark Templar x4  
  138  20:06  Warp Prism x2  
  128  20:27  Stalker x5  
  128  20:28  Stalker x6  
  150  20:47  Assimilator  
  150  20:50  Assimilator  
  150  21:00  Nexus  
  127  22:27  Dark Templar x3  
  127  22:28  Dark Templar x5  
  127  22:29  Dark Templar x3  
Show
View Real Time Build Order
Export as new Build Order

Nastra Zerg 

Build Orders: Hatch First 

Get SALT Encoding   

  12  0:04  Drone  
  13  0:08  Drone  
  14  0:18  Overlord  
  14  0:36  Drone x2  
  16  0:51  Hatchery  
  16  0:54  Drone  
  16  1:17  Drone  
  16  1:18  Drone  
  18  1:19  Spawning Pool  
  17  1:36  Extractor  
  17  1:37  Drone  
  17  1:58  Drone x3  
  20  2:05  Queen  
  20  2:08  Queen  
  26  2:22  Zergling x4  
  26  2:45  Metabolic Boost  
  26  2:57  Extractor  
  25  3:06  Roach Warren  
  25  3:21  Extractor  
  23  3:29  Lair  
  23  3:36  Drone  
  23  3:37  Drone x3  
  23  3:38  Overlord x4  
  26  4:10  Drone x6  
  26  4:11  Drone  
  33  4:21  Roach  
  33  4:22  Roach x4  
  43  4:38  Hatchery, Drone  
  42  4:39  Drone x3, Extractor  
  45  4:46  Overseer  
  45  4:51  Drone, Extractor  
  45  4:55  Overlord  
  45  4:59  Zergling x8  
  50  5:00  Zergling x2  
  50  5:14  Evolution Chamber  
  49  5:15  Extractor  
  45  5:41  Roach  
  45  5:42  Roach x7  
  61  5:51  Zerg Ground Armor Level 1  
  61  5:58  Drone x7  
  61  6:01  Overlord  
  68  6:07  Queen  
  70  6:24  Overseer  
  70  6:39  Hydralisk Den  
  69  6:46  Infestation Pit  
  68  7:08  Hydralisk x7  
  70  7:11  Overlord x2  
  82  7:19  Overseer  
  82  7:45  Zerg Missile Weapons Level 1  
  82  7:46  Hydralisk x7  
  96  8:15  Hatchery  
  96  8:16  Drone  
  96  8:17  Drone x2  
  96  8:18  Overlord x2  
  98  8:33  Muscular Augments  
  98  8:44  Queen  
  96  9:39  Queen  
  96  9:41  Drone x6  
  96  9:42  Drone  
  96  9:43  Overlord x4  
  105  10:03  Zerg Ground Armor Level 2  
  105  10:06  Hive  
  105  10:15  Spire  
  105  10:19  Drone  
  105  10:20  Drone x3  
  108  10:21  Drone  
  108  10:22  Drone x2  
  111  10:37  Queen  
  113  11:11  Hydralisk  
  113  11:12  Hydralisk x14  
  113  11:15  Zergling x10  
  148  11:46  Corruptor, Greater Spire  
  148  11:47  Corruptor  
  150  11:49  Overlord  
  150  11:50  Overlord x6  
  152  12:10  Corruptor x5  
  162  12:19  Zerg Missile Weapons Level 2  
  162  12:33  Extractor  
  162  12:35  Extractor  
  160  12:43  Corruptor x2  
  164  12:49  Overseer  
  127  13:27  Zergling x10  
  127  13:28  Zergling x44  
  95  13:55  Hydralisk  
  85  13:56  Hydralisk x8  
  91  14:13  Brood Lord x2  
  95  14:38  Corruptor  
  95  14:39  Corruptor x2  
  95  14:41  Corruptor  
  103  15:00  Hatchery  
  103  15:02  Brood Lord  
  103  15:06  Brood Lord  
  106  16:01  Zergling x22  
  106  16:02  Zergling x10  
  122  16:16  Overseer  
  122  16:19  Corruptor x2  
  122  16:20  Corruptor  
  128  16:30  Roach  
  128  16:31  Roach  
  128  16:32  Roach  
  134  16:36  Drone  
  123  17:27  Roach x3  
  123  17:28  Roach x8  
  145  17:34  Brood Lord  
  131  18:01  Roach x2  
  131  18:02  Roach x4  
  133  18:27  Viper  
  133  18:28  Viper x3  
  133  18:47  Roach  
  133  18:48  Roach x4  
  139  19:26  Brood Lord  
  139  19:27  Brood Lord x2  
  132  20:41  Corruptor x3  
  138  20:44  Hydralisk x2, Roach  
  138  20:45  Hydralisk x2, Roach x2  
  152  21:30  Overseer  
Tags
 
Add a new tag
Caveats
  • Supply blocks, unpowered buildings, or Contaminate may cause inaccurate times.
  • Supply counts are checked every 10 seconds.